 Dungeon Crawl Stone Soup version 0.28.0-45-g0d030f2227 (webtiles) character file.

Game seed: 10387288108172240701

59 issech the Cudgeller (level 3, -3/36 HPs)
             Began as a Troll Monk on Apr 13, 2022.
             Slain by an orc
             ... wielding a +0 war axe
              (8 damage)
             ... on level 2 of the Dungeon.
             The game lasted 00:04:19 (846 turns).

issech the Cudgeller (Troll Monk)                    Turns: 846, Time: 00:04:20

Health: -3/36      AC:  4    Str: 19    XL:     3   Next: 78%
Magic:  2/2        EV: 10    Int:  6    God:
Gold:   36         SH:  0    Dex: 14    Spells: 2/2 levels left

rFire   . . .      SeeInvis .   a - +0 mace
rCold   . . .      Faith    .   (no shield)
rNeg    . . .      Spirit   .   b - +0 robe
rPois   .          Reflect  .   (helmet restricted)
rElec   .          Harm     .   (no cloak)
rCorr   .          Rampage  .   (gloves unavailable)
Will    .....                   (boots unavailable)
Stlth   ++........              (no amulet)
HPRegen 0.92/turn               (no ring)
MPRegen 0.08/turn               (no ring)

@: no status effects
A: large, unfitting armour, claws 3, regeneration 1, shaggy fur 1, tough skin 1
a: no special abilities


You were on level 2 of the Dungeon.
You visited 1 branch of the dungeon, and saw 2 of its levels.

You collected 36 gold pieces.

Inventory:

Hand Weapons
 a - a +0 mace (weapon)
 h - a +0 whip of draining
 m - a +0 war axe
Missiles
 d - 45 stones (quivered)
 j - 46 bolts
Armour
 b - a +0 robe (worn)
Scrolls
 g - a scroll of holy word {unknown}
 k - a scroll of amnesia {unknown}
 l - a scroll of identify {unknown}
Potions
 c - a potion of curing {unknown}
 e - a potion of invisibility {unknown}
 f - 2 potions of lignification {unknown}
 i - a potion of experience {unknown}


   Skills:
 + Level 2.9 Fighting
 + Level 3.2 Maces & Flails
 + Level 2.9 Dodging
 + Level 1.2 Stealth


You had 2 spell levels left.
You didn't know any spells.
Your spell library was empty.

Dungeon Overview and Level Annotations

Branches:
Dungeon (2/15)

Altars:


Innate Abilities, Weirdness & Mutations

You are too large for most types of armour.
You have claws for hands.
Your natural rate of healing is unusually fast.
You are covered in fur. (AC +1)
You have tough skin. (AC +1)


Message History

You hit the orc priest.
You kill the orc priest!
Something hits you.
You see here a +0 club.
You miss something. Your claw misses something. Something hits you.
You hit something. Something hits you but does no damage.
You closely miss something. Something hits you.
You hear some strange, mumbled words.
Something tries to affect you, but you resist.
You barely miss something. You hit the orc but do no damage.
The orc hits you with a +0 war axe. Something hits you but does no damage.
You hit the orc but do no damage. The orc hits you but does no damage.
You hear some strange, mumbled words.
A magic dart appears from out of thin air!
The magic dart hits you.
You sock the orc!
The orc is almost dead.
The orc hits you with a +0 war axe. Something completely misses you.
You closely miss the orc.
The orc is almost dead.
The orc barely misses you. Something hits you. The orc closely misses you.
Something hits you.
You hit the orc but do no damage.
The orc is almost dead.
You hear some strange, mumbled words.
Something tries to affect you, but you resist.
The orc closely misses you.
You closely miss the orc.
The orc is almost dead.
The orc hits you with a +0 war axe!
You hear some strange, mumbled words.
A puff of flame appears from out of thin air!
The puff of flame hits you!
* * * LOW HITPOINT WARNING * * *
Something hits you.
* * * LOW HITPOINT WARNING * * *
There is a stone staircase leading up, spattered with blood here.
The orc hits you with a +0 war axe!
You die...

.[# #### #..# ###..#
#..# #....# #..#
#...## #..####..##
#.......#
#########..#.#########
.....................#
#######..##@.#####...#
#..##o{..# #
##.###o##.....#
#..###>##.#####
##.#....##.#
.######..#....##.##
..................#
..#####.##....###.#
#..##....# .


You could see 2 orcs.

Vanquished Creatures
  An orc priest (D:2)
  A worm (D:2)
  An orc (D:1)
  2 bats
  3 endoplasms
  3 giant cockroaches (D:1)
  2 goblins
  2 hobgoblins (D:1)
  A quokka (D:2)
  4 ball pythons
  A frilled lizard (D:1)
  2 kobolds (D:1)
  A rat (D:2)
24 creatures vanquished.

Notes
Turn   | Place    | Note
-------+----------+-------------------------------------------
     0 | D:1      | issech the Troll Monk began the quest for the Orb.
     0 | D:1      | Reached XP level 1. HP: 22/22 MP: 0/0
   170 | D:1      | Found a faded altar of an unknown god.
   192 | D:1      | Reached XP level 2. HP: 29/29 MP: 1/1
   369 | D:1      | Reached skill level 3 in Maces & Flails
   794 | D:1      | Reached XP level 3. HP: 21/36 MP: 2/2
   846 | D:2      | Slain by an orc

Illustrated notes

Levels and vault maps discovered:
D:1:      dpeg_arrival_three_same_balls, layout_rooms,
          hellmonk_ecumenical_altar_slurped_away, nrook_campfire,
          eino_curves_02, minmay_misc_feat_chi, minmay_misc_feat_roman,
          minivault_24
D:2:      layout_rooms, hangedman_abyss_or_decor_stabs

Skill      XL: |  1  2 |
---------------+-------+-----
Maces & Flails | 3 |  3.2
Fighting       | |  2.9
Dodging        | |  2.9
Stealth        | |  1.2

Action                   || total
-------------------------++-------
Melee: Mace              ||    93
Throw: Stone             ||     1
 Stab: Sleeping          ||     4
Armor: Robe              ||    27
Dodge: Dodged            ||    54
